[ AOE2 MATCH · #506890468 ]
UnrankedByzantines vs Vikings
Rival team · LOSS
[ REPLAY ANALYSIS · EXTRACTED FROM THE RECORDED GAME ]
Feudal
14:10
Castle
36:08
Imperial
63:07
| APM avg | 48.9 |
| APM peak | 98 |
| eAPM avg | 26.9 |
| Villagers / military | 189 / 310 |
Focus
⚔️ 21.2% · 🌾 78.8%
Skirmisher ×154 · Camel Scout ×62 · Scout Cavalry ×36 · Spearman ×19 · Hand Cannoneer ×16 · Bombard Cannon ×15
Feudal
9:48
Castle
21:58
Imperial
52:41
| APM avg | 21.6 |
| APM peak | 53 |
| eAPM avg | 14.0 |
| Villagers / military | 203 / 197 |
Focus
⚔️ 33.9% · 🌾 66.1%
Archer ×124 · Mangonel ×24 · Berserk ×23 · Knight ×9 · Battering Ram ×9 · Trebuchet (Packed) ×4
Match map
Initial resources + every placement click. Lines = walls · curves = elevation contours. ◆ gold · ⬟ stone · ● berries · ✦ relic · ◌ wall gap
Your base· Open — unwalled flank
Finnioo's base· Open — 6t gap
Smoothed initial terrain · ◌ = detected wall gap · hover for details
Inputs per minute
— SUMMER - - Finnioo
Build order — SUMMER
First 150 of 603 actions detected
| 0:02 | Create | Villager (Male) |
| 0:03 | Create | Villager (Male) |
| 0:03 | Create | Villager (Male) |
| 0:03 | Create | Villager (Male) |
| 0:04 | Build | House |
| 0:10 | Build | House |
| 1:49 | Create | Villager (Male) |
| 2:19 | Create | Villager (Male) |
| 2:24 | Build | Lumber Camp |
| 2:48 | Create | Villager (Male) |
| 3:04 | Create | Villager (Male) |
| 3:04 | Create | Villager (Male) |
| 3:36 | Create | Villager (Male) |
| 3:36 | Create | Villager (Male) |
| 3:38 | Build | House |
| 3:39 | Build | House |
| 3:54 | Create | Villager (Male) |
| 3:55 | Create | Villager (Male) |
| 4:28 | Create | Villager (Male) |
| 4:51 | Build | Mill |
| 5:19 | Create | Villager (Male) |
| 5:19 | Create | Villager (Male) |
| 5:19 | Create | Villager (Male) |
| 5:51 | Build | Outpost |
| 6:00 | Create | Villager (Male) |
| 6:16 | Create | Villager (Male) |
| 6:16 | Create | Villager (Male) |
| 6:23 | Build | House |
| 6:38 | Create | Villager (Male) |
| 7:07 | Build | Outpost |
| 7:13 | Create | Villager (Male) |
| 7:20 | Create | Villager (Male) |
| 7:40 | Build | Outpost |
| 8:30 | Create | Villager (Male) |
| 8:55 | Create | Villager (Male) |
| 8:57 | Build | Mill |
| 9:06 | Create | Villager (Male) |
| 9:06 | Create | Villager (Male) |
| 9:54 | Create | Villager (Male) |
| 10:00 | Build | Barracks |
| 10:14 | Build | House |
| 10:27 | Build | Outpost |
| 10:35 | Build | Outpost |
| 10:41 | Create | Villager (Male) |
| 11:21 | Build | Outpost |
| 11:27 | Build | Outpost |
| 11:35 | Research | Loom |
| 11:35 | Research | Loom |
| 11:51 | Build | Lumber Camp |
| 11:52 | Research | Feudal Age |
| 12:11 | Build | Outpost |
| 12:35 | Build | Mining Camp |
| 14:10 | Age | Feudal Age |
| 14:11 | Build | Archery Range |
| 14:17 | Research | Double-Bit Axe |
| 14:17 | Research | Double-Bit Axe |
| 14:18 | Create | Villager (Male) |
| 14:21 | Build | Blacksmith |
| 14:36 | Build | Farm |
| 14:37 | Build | Farm |
| 14:39 | Build | Farm |
| 14:45 | Create | Skirmisher |
| 14:45 | Create | Skirmisher |
| 15:04 | Build | Farm |
| 15:05 | Build | Farm |
| 15:05 | Build | Farm |
| 15:16 | Research | Fletching |
| 15:16 | Research | Fletching |
| 15:21 | Build | Farm |
| 15:25 | Create | Skirmisher |
| 15:40 | Create | Skirmisher |
| 15:40 | Create | Skirmisher |
| 15:48 | Build | Farm |
| 16:03 | Create | Skirmisher |
| 16:07 | Build | House |
| 16:17 | Create | Villager (Male) |
| 16:18 | Create | Villager (Male) |
| 16:18 | Create | Villager (Male) |
| 16:32 | Build | Watch Tower |
| 16:45 | Build | Farm |
| 16:54 | Create | Villager (Male) |
| 16:56 | Build | Watch Tower |
| 17:32 | Research | Padded Archer Armor |
| 17:32 | Research | Padded Archer Armor |
| 17:50 | Build | Watch Tower |
| 17:53 | Create | Skirmisher |
| 17:54 | Create | Skirmisher |
| 18:08 | Create | Skirmisher |
| 19:12 | Build | Watch Tower |
| 19:41 | Create | Villager (Male) |
| 19:43 | Create | Villager (Male) |
| 19:51 | Create | Villager (Male) |
| 19:51 | Create | Villager (Male) |
| 20:31 | Build | House |
| 20:35 | Create | Villager (Male) |
| 20:36 | Create | Villager (Male) |
| 20:59 | Build | Watch Tower |
| 21:05 | Create | Villager (Male) |
| 21:25 | Create | Villager (Male) |
| 21:25 | Create | Villager (Male) |
| 21:26 | Create | Villager (Male) |
| 21:39 | Build | Palisade Wall |
| 21:39 | Build | Palisade Wall |
| 21:40 | Build | Palisade Wall |
| 21:40 | Build | Palisade Wall |
| 21:40 | Build | Palisade Wall |
| 21:41 | Build | Palisade Wall |
| 21:41 | Build | Palisade Wall |
| 21:42 | Build | Palisade Wall |
| 21:51 | Build | Watch Tower |
| 22:02 | Build | Farm |
| 22:03 | Create | Villager (Male) |
| 22:16 | Create | Villager (Male) |
| 22:50 | Build | Watch Tower |
| 22:58 | Create | Villager (Male) |
| 22:59 | Create | Villager (Male) |
| 22:59 | Create | Villager (Male) |
| 23:26 | Create | Villager (Male) |
| 23:36 | Create | Spearman |
| 23:36 | Create | Spearman |
| 23:43 | Build | Farm |
| 23:58 | Create | Spearman |
| 24:16 | Build | Watch Tower |
| 24:28 | Research | Scale Mail Armor |
| 24:28 | Research | Scale Mail Armor |
| 24:33 | Build | Farm |
| 24:34 | Build | Farm |
| 24:34 | Build | Farm |
| 24:34 | Build | Farm |
| 24:35 | Build | Farm |
| 24:36 | Create | Villager (Male) |
| 24:45 | Create | Spearman |
| 24:45 | Create | Spearman |
| 25:03 | Create | Spearman |
| 25:06 | Build | Farm |
| 25:34 | Create | Villager (Male) |
| 25:36 | Create | Spearman |
| 25:36 | Create | Spearman |
| 25:38 | Build | Farm |
| 25:45 | Build | Watch Tower |
| 25:53 | Create | Villager (Male) |
| 25:53 | Create | Villager (Male) |
| 26:04 | Build | House |
| 26:28 | Create | Spearman |
| 26:28 | Create | Spearman |
| 26:32 | Create | Villager (Male) |
| 26:34 | Build | House |
| 26:40 | Create | Villager (Male) |
| 26:45 | Build | Watch Tower |
| 26:49 | Create | Villager (Male) |
Build order — Finnioo
First 150 of 513 actions detected
| 0:01 | Create | Villager (Male) ×4 |
| 0:02 | Build | House |
| 0:04 | Build | House |
| 0:06 | Research | Loom |
| 0:12 | Build | House |
| 0:35 | Create | Villager (Male) |
| 0:36 | Create | Villager (Male) |
| 0:36 | Create | Villager (Male) |
| 1:09 | Create | Villager (Male) |
| 1:09 | Create | Villager (Male) |
| 1:45 | Create | Villager (Male) |
| 1:45 | Create | Villager (Male) |
| 2:26 | Create | Villager (Male) |
| 2:26 | Create | Villager (Male) |
| 2:34 | Build | Lumber Camp |
| 3:14 | Create | Villager (Male) |
| 3:15 | Create | Villager (Male) |
| 3:15 | Create | Villager (Male) |
| 3:15 | Create | Villager (Male) |
| 3:41 | Create | Villager (Male) |
| 3:42 | Create | Villager (Male) |
| 3:59 | Build | House |
| 4:33 | Create | Villager (Male) |
| 4:33 | Create | Villager (Male) |
| 4:51 | Create | Villager (Male) |
| 4:51 | Create | Villager (Male) |
| 4:52 | Create | Villager (Male) |
| 5:09 | Create | Villager (Male) |
| 5:35 | Create | Villager (Male) |
| 5:56 | Build | Mill |
| 6:00 | Create | Villager (Male) |
| 6:39 | Create | Villager (Male) |
| 6:39 | Create | Villager (Male) |
| 6:39 | Create | Villager (Male) |
| 7:10 | Build | House |
| 7:38 | Research | Feudal Age |
| 7:45 | Build | Palisade Wall |
| 8:35 | Build | Barracks |
| 8:41 | Create | Villager (Male) |
| 8:59 | Create | Villager (Male) |
| 9:25 | Create | Villager (Male) |
| 9:48 | Age | Feudal Age |
| 10:18 | Build | Archery Range |
| 10:25 | Create | Villager (Male) |
| 10:49 | Create | Villager (Male) |
| 10:59 | Build | Mining Camp |
| 11:04 | Build | Farm |
| 11:05 | Create | Archer |
| 11:05 | Create | Archer |
| 11:14 | Research | Town Watch |
| 11:16 | Create | Villager (Male) |
| 11:33 | Build | Farm |
| 11:36 | Build | Farm |
| 11:43 | Create | Villager (Male) |
| 11:43 | Create | Villager (Male) |
| 11:50 | Create | Villager (Male) |
| 12:11 | Create | Archer |
| 12:12 | Create | Villager (Male) |
| 12:24 | Build | House |
| 12:28 | Build | House |
| 12:36 | Build | Farm |
| 12:39 | Build | Farm |
| 12:42 | Build | Farm |
| 12:45 | Build | Farm |
| 12:47 | Create | Villager (Male) |
| 13:06 | Create | Archer |
| 13:24 | Build | Farm |
| 13:26 | Build | Farm |
| 13:44 | Create | Archer |
| 13:46 | Create | Villager (Male) |
| 14:03 | Create | Villager (Male) |
| 14:07 | Create | Archer |
| 14:11 | Create | Villager (Male) |
| 14:29 | Build | Blacksmith |
| 14:39 | Create | Archer |
| 14:53 | Build | Farm |
| 15:00 | Create | Archer |
| 15:28 | Build | House |
| 16:06 | Build | Farm |
| 16:24 | Create | Archer |
| 16:29 | Research | Fletching |
| 16:52 | Create | Archer |
| 17:08 | Create | Villager (Male) |
| 17:08 | Create | Villager (Male) |
| 17:12 | Build | Farm |
| 17:18 | Build | House |
| 17:20 | Build | House |
| 17:34 | Create | Villager (Male) |
| 18:15 | Build | Farm |
| 18:18 | Create | Archer |
| 19:14 | Create | Villager (Male) |
| 19:14 | Create | Villager (Male) |
| 19:18 | Research | Castle Age |
| 20:06 | Build | Stable |
| 20:16 | Create | Villager (Male) |
| 20:37 | Build | House |
| 20:46 | Build | Farm |
| 20:47 | Build | Farm |
| 20:51 | Research | Scale Barding Armor |
| 21:09 | Build | House |
| 21:12 | Build | House |
| 21:31 | Create | Villager (Male) |
| 21:56 | Build | Mining Camp |
| 21:58 | Age | Castle Age |
| 22:01 | Create | Knight |
| 22:02 | Create | Knight |
| 22:07 | Research | Double-Bit Axe |
| 22:15 | Build | Farm |
| 22:21 | Build | Farm |
| 22:53 | Research | Chain Barding Armor |
| 23:41 | Build | Siege Workshop |
| 24:11 | Create | Villager (Male) |
| 24:11 | Create | Villager (Male) |
| 24:11 | Create | Villager (Male) |
| 24:12 | Create | Villager (Male) |
| 24:38 | Create | Knight |
| 24:52 | Create | Villager (Male) |
| 24:53 | Create | Villager (Male) |
| 24:58 | Create | Battering Ram |
| 25:01 | Create | Mangonel |
| 25:23 | Create | Knight |
| 25:25 | Create | Mangonel |
| 25:26 | Create | Villager (Male) |
| 25:27 | Create | Villager (Male) |
| 25:41 | Create | Villager (Male) |
| 26:48 | Create | Scout Cavalry |
| 26:49 | Create | Knight |
| 26:57 | Create | Villager (Male) |
| 27:33 | Create | Villager (Male) |
| 27:55 | Create | Villager (Male) |
| 27:55 | Create | Villager (Male) |
| 28:21 | Create | Mangonel |
| 28:44 | Create | Villager (Male) |
| 28:44 | Create | Villager (Male) |
| 29:25 | Create | Villager (Male) |
| 29:26 | Create | Villager (Male) |
| 30:27 | Create | Knight |
| 30:27 | Create | Knight |
| 30:28 | Create | Villager (Male) |
| 30:28 | Create | Villager (Male) |
| 30:56 | Build | Castle |
| 31:21 | Build | Castle |
| 31:25 | Create | Villager (Male) |
| 31:25 | Create | Villager (Male) |
| 32:00 | Research | Scale Mail Armor |
| 32:06 | Build | Mining Camp |
| 32:14 | Build | Town Center |
| 32:42 | Research | Chain Mail Armor |
| 33:29 | Create | Villager (Male) |
| 33:30 | Create | Villager (Male) |
Match timeline
| 7:45 | Finnioo · wall_segment Palisade Wall x1 |
| 8:35 | Finnioo · first_building Barracks |
| 9:48 | Finnioo · age_up feudal |
| 10:00 | SUMMER · first_building Barracks |
| 10:18 | Finnioo · first_building Archery Range |
| 14:10 | SUMMER · age_up feudal |
| 14:11 | SUMMER · first_building Archery Range |
| 20:06 | Finnioo · first_building Stable |
| 21:39 | SUMMER · wall_segment Palisade Wall x2 |
| 21:39 | SUMMER · wall_segment Palisade Wall x2 |
| 21:40 | SUMMER · wall_segment Palisade Wall x2 |
| 21:40 | SUMMER · wall_segment Palisade Wall x2 |
| 21:40 | SUMMER · wall_segment Palisade Wall x1 |
| 21:41 | SUMMER · wall_segment Palisade Wall x1 |
| 21:41 | SUMMER · wall_segment Palisade Wall x3 |
| 21:42 | SUMMER · wall_segment Palisade Wall x1 |
| 21:58 | Finnioo · age_up castle |
| 23:41 | Finnioo · first_building Siege Workshop |
| 30:56 | Finnioo · first_building Castle |
| 33:08 | SUMMER · first_market_buy 100 stone |
| 33:27 | SUMMER · first_market_sell 100 stone |
| 33:49 | SUMMER · first_building Stable |
| 36:08 | SUMMER · age_up castle |
| 39:31 | Finnioo · first_building Monastery |
| 52:41 | Finnioo · age_up imperial |
| 54:07 | Finnioo · first_market_buy 100 food |
| 59:23 | SUMMER · first_building Siege Workshop |
| 63:07 | SUMMER · age_up imperial |
| 68:47 | SUMMER · first_building Castle |
| 78:58 | SUMMER · first_building Monastery |
| 84:29 | Finnioo · resign |
[ AI ANALYSIS · 1 CREDIT ]
What really happened in this match?
Wolo.gg analyzes every decision: build order, eco, micro, common mistakes by bracket. Personalized analysis on WhatsApp or Discord in 30 seconds.
Civ guide
Byzantines
Perfil
Jugador #25845906